 Dungeon Crawl Stone Soup version 0.25.0-26-g0c896c7088 (console) character file.

Game seed: 17024151211741768000

669 Colgate the Charmwright (level 7, -14/56 HPs)
             Began as a Gnoll Skald on July 2, 2020.
             Was an Initiate of Cheibriados.
             Demolished by Prince Ribbit (16 damage)
             ... on level 5 of the Dungeon.
             The game lasted 00:41:30 (4126 turns).

Colgate the Charmwright (Gnoll Skald)               Turns: 4126, Time: 00:41:31

Health: -14/56     AC:  5    Str: 21    XL:     7   Next: 58%
Magic:  12/15      EV: 14    Int: 17    God:    Cheibriados [......]
Gold:   217        SH:  5    Dex: 16    Spells: 14/17 levels left

rFire    . . .     SeeInvis .   g - +3 short sword (holy)
rCold    . . .     Gourm    .   (no shield)
rNeg     . . .     Faith    .   n - +0 ring mail
rPois    .         Spirit   .   (no helmet)
rElec    .         Reflect  +   (no cloak)
rCorr    .         Harm     .   (no gloves)
MR       .....                  (no boots)
Stlth    ++........             v - amulet of reflection
HPRegen  0.18/turn              j - +6 ring of strength
MPRegen  0.14/turn              (no ring)

@: infused, very slow
A: distributed training, fangs 1, strong nose
a: Bend Time, Renounce Religion


You were on level 5 of the Dungeon.
You worshipped Cheibriados.
Cheibriados was noncommittal.
You were not hungry.

You visited 2 branches of the dungeon, and saw 6 of its levels.

You collected 217 gold pieces.

Inventory:

Hand Weapons
 g - a +3 short sword of holy wrath (weapon)
Missiles
 c - 155 stones
 l - 9 bolts
 p - 6 boomerangs
 q - 11 poisoned darts (quivered)
 x - 37 sling bullets
Armour
 b - a +0 leather armour
 i - a +0 chain mail
 m - a +0 scale mail
 n - a +0 ring mail (worn)
Jewellery
 j - a +6 ring of strength (left hand)
 v - an amulet of reflection (around neck)
Scrolls
 e - a scroll of immolation {unknown}
 f - 2 scrolls of enchant weapon {unknown}
 h - 3 scrolls of enchant armour {unknown}
 k - 3 scrolls of remove curse {unknown}
 s - 4 scrolls of amnesia {unknown}
 u - 2 scrolls of teleportation {unknown}
 y - a scroll of magic mapping {unknown}
Potions
 o - a potion of heal wounds {unknown}
 r - a potion of mutation {unknown}
 t - 2 potions of invisibility {unknown}
 w - a potion of resistance {unknown}
Comestibles
 d - 9 rations
 z - a chunk of flesh


   Skills:
 + Level 5.2 Fighting
 + Level 2.5 Short Blades
 + Level 2.5 Long Blades
 + Level 2.5 Axes
 + Level 2.5 Maces & Flails
 + Level 5.2 Polearms
 + Level 2.5 Staves
 + Level 2.5 Slings
 + Level 2.5 Bows
 + Level 2.5 Crossbows
 + Level 2.5 Throwing
 + Level 3.6 Armour
 + Level 5.2 Dodging
 + Level 2.5 Stealth
 + Level 2.5 Shields
 + Level 2.5 Unarmed Combat
 + Level 5.6 Spellcasting
 + Level 2.0 Conjurations
 + Level 2.0 Hexes
 + Level 5.8 Charms
 + Level 2.0 Summonings
 + Level 2.0 Necromancy
 + Level 2.0 Translocations
 + Level 2.0 Transmutations
 + Level 2.0 Fire Magic
 + Level 2.0 Ice Magic
 + Level 2.0 Air Magic
 + Level 2.0 Earth Magic
 + Level 2.0 Poison Magic
 + Level 2.8 Invocations
 + Level 2.5 Evocations


You had 14 spell levels left.
You knew the following spells:

 Your Spells              Type           Power        Failure   Level  Hunger
a - Infusion              Chrm           ###.         1%          1    None
b - Song of Slaying       Chrm           ###.....     3%          2    #......

Your spell library contained the following spells:

 Spells                   Type           Power        Failure   Level  Hunger
 Shroud of Golubria       Chrm/Tloc      ###...       6%          2    #......
 Ozocubu's Armour         Chrm/Ice       ###.....     13%         3    ##.....
 Spectral Weapon          Hex/Chrm       ###.....     13%         3    ##.....


Dungeon Overview and Level Annotations

Branches:
Dungeon (5/15)             Temple (1/1) D:4

Altars:
Ashenzari
Cheibriados
Elyvilon
Fedhas
Gozag
Hepliaklqana
Kikubaaqudgha
Makhleb
Nemelex Xobeh
Sif Muna
Trog
Wu Jian
Zin

Annotations:
D:5 Prince Ribbit


Innate Abilities, Weirdness & Mutations

Your experience applies equally to all skills.
You have very sharp teeth.
Your uncanny sense of smell can sniff out nearby items.


Message History

Prince Ribbit blinks!
You hit the hippogriff! You bite the hippogriff.
The hippogriff is moderately wounded.
The hippogriff barely misses you. The hippogriff pecks you.
The hippogriff claws you but does no damage.
You barely miss the hippogriff. You bite the hippogriff.
The hippogriff is moderately wounded.
You block the hippogriff's attack. The hippogriff pecks you.
The hippogriff barely misses you.
You hit the hippogriff! Your bite misses the hippogriff.
The hippogriff is heavily wounded.
You block Prince Ribbit's attack. The hippogriff bites you!
The hippogriff closely misses you.
The hippogriff claws you but does no damage.
You puncture the hippogriff!
The hippogriff is almost dead.
Prince Ribbit blinks!
The hippogriff bites you. You block the hippogriff's attack.
The hippogriff closely misses you. Prince Ribbit hits you!
* * * LOW HITPOINT WARNING * * *
It was a potion of curing.
You feel better. The hippogriff bites you!
* * * LOW HITPOINT WARNING * * *
The hippogriff barely misses you. The hippogriff misses you.
Prince Ribbit hits you!
You die...

#...<# #.#### #.# #.#
#.# #.# #.# ########.#
#.....##.# #F....##.#
#@....##.# .
#H....##.# ..
.#.....##.# ...
#..#.........#รท##
....
.#..............#.....
..#..................#
#..#(.........(..#####
.#.....(.....[(.......
..#.........<........#
#.(#.......#.#.....#.#
......#.......%.#


You could see a hippogriff and Prince Ribbit.

Vanquished Creatures
  An ice beast (D:5)
  3 hounds
  An iguana (D:4)
  3 orc wizards
  2 bullfrog skeletons (D:4)
  A centaur skeleton (D:4)
  A gnoll shaman (D:4)
  3 worker ants
  A hound zombie (D:5)
  4 gnolls (D:4)
  5 adders
  An adder skeleton (D:4)
  2 worms
  2 dart slugs (D:1)
  A leopard gecko (D:2)
  12 orcs
  A ball python (D:4)
  6 giant cockroaches
  8 hobgoblins
  2 jackals (D:5)
  10 kobolds
  A quokka (D:2)
  5 bats
  7 frilled lizards
  6 goblins
  7 rats
96 creatures vanquished.

Notes
Turn   | Place    | Note
-------+----------+-------------------------------------------
     0 | D:1      | Colgate the Gnoll Skald began the quest for the Orb.
     0 | D:1      | Reached XP level 1. HP: 20/20 MP: 6/6
   231 | D:1      | Reached XP level 2. HP: 26/26 MP: 7/7
   377 | D:1      | Learned a level 2 spell: Song of Slaying
  1182 | D:2      | Reached XP level 3. HP: 31/31 MP: 2/9
  1184 | D:2      | Reached skill level 5 in Spellcasting
  1374 | D:2      | Reached skill level 1 in Invocations
  1970 | D:3      | Reached skill level 1 in Short Blades
  1970 | D:3      | Reached skill level 1 in Long Blades
  1970 | D:3      | Reached skill level 1 in Axes
  1970 | D:3      | Reached skill level 1 in Maces & Flails
  1970 | D:3      | Reached skill level 1 in Staves
  1970 | D:3      | Reached skill level 1 in Slings
  1970 | D:3      | Reached skill level 1 in Bows
  1970 | D:3      | Reached skill level 1 in Crossbows
  1970 | D:3      | Reached skill level 1 in Throwing
  1970 | D:3      | Reached skill level 1 in Stealth
  1970 | D:3      | Reached skill level 1 in Shields
  1970 | D:3      | Reached skill level 1 in Unarmed Combat
  1970 | D:3      | Reached skill level 1 in Evocations
  1970 | D:3      | Reached XP level 4. HP: 33/38 MP: 11/11
  2013 | D:3      | Found a blossoming altar of Fedhas.
  2024 | D:3      | Became a worshipper of Fedhas Madash
  2187 | D:3      | Reached skill level 1 in Conjurations
  2187 | D:3      | Reached skill level 1 in Hexes
  2187 | D:3      | Reached skill level 1 in Summonings
  2187 | D:3      | Reached skill level 1 in Necromancy
  2187 | D:3      | Reached skill level 1 in Translocations
  2187 | D:3      | Reached skill level 1 in Transmutations
  2187 | D:3      | Reached skill level 1 in Fire Magic
  2187 | D:3      | Reached skill level 1 in Ice Magic
  2187 | D:3      | Reached skill level 1 in Air Magic
  2187 | D:3      | Reached skill level 1 in Earth Magic
  2187 | D:3      | Reached skill level 1 in Poison Magic
  2351 | D:3      | Reached XP level 5. HP: 43/43 MP: 12/12
  2664 | D:4      | Found a staircase to the Ecumenical Temple.
  2934 | D:4      | Reached * piety under Fedhas
  3099 | D:4      | Reached XP level 6. HP: 50/50 MP: 13/13
  3153 | D:4      | Reached skill level 5 in Fighting
  3153 | D:4      | Reached skill level 5 in Polearms
  3153 | D:4      | Reached skill level 5 in Dodging
  3604 | D:4      | Reached XP level 7. HP: 56/56 MP: 15/15
  3778 | Temple   | Entered the Ecumenical Temple
  3779 | Temple   | Fell from the grace of Fedhas
  3809 | Temple   | Became a worshipper of Cheibriados the Contemplative
  3853 | D:5      | Entered Level 5 of the Dungeon
  4109 | D:5      | Noticed Prince Ribbit
  4113 | D:5      | Noticed a hippogriff
  4125 | D:5      | HP: 2/56 [Prince Ribbit (17)]
  4126 | D:5      | Demolished by Prince Ribbit

Illustrated notes

Levels and vault maps discovered:
D:1:      dpeg_arrival_round_b, layout_basic, serial_forest,
          infiniplex_forest_join, infiniplex_forest_lined_3_way,
          infiniplex_forest_clump_long, infiniplex_forest_clump_double,
          infiniplex_forest_lined_3, infiniplex_forest_pool,
          infiniplex_forest_end_1, infiniplex_forest_clump_C,
          infiniplex_forest_straight_1, infiniplex_forest_lined_room_,
          minmay_misc_feat_more_columns, hangedman_decor_lopped
D:2:      layout_loops_cross
D:3:      layout_basic, fedhas_altar_3
D:4:      layout_rooms, minmay_temple_entry_trees, first_ration
D:5:      layout_basic, basic_altar, minmay_misc_feat_diagonals,
          uniq_prince_ribbit1, uniq_edmund
Temple:   cyrus_circular_temple

Skill      XL: |  1  2  3  4  5  6  7 |
---------------+----------------------+-----
Spellcasting   | 5 |  5.6
Invocations    | 1 2 |  2.8
Short Blades   | 1 2 |  2.5
Long Blades    | 1 2 |  2.5
Axes           | 1 2 |  2.5
Maces & Flails | 1 2 |  2.5
Staves         | 1 2 |  2.5
Slings         | 1 2 |  2.5
Bows           | 1 2 |  2.5
Crossbows      | 1 2 |  2.5
Throwing       | 1 2 |  2.5
Stealth        | 1 2 |  2.5
Shields        | 1 2 |  2.5
Unarmed Combat | 1 2 |  2.5
Evocations     | 1 2 |  2.5
Conjurations   | 1 2 |  2.0
Hexes          | 1 2 |  2.0
Summonings     | 1 2 |  2.0
Necromancy     | 1 2 |  2.0
Translocations | 1 2 |  2.0
Transmutations | 1 2 |  2.0
Fire Magic     | 1 2 |  2.0
Ice Magic      | 1 2 |  2.0
Air Magic      | 1 2 |  2.0
Earth Magic    | 1 2 |  2.0
Poison Magic   | 1 2 |  2.0
Armour         | 3 |  3.6
Fighting       | 5 |  5.2
Polearms       | 5 |  5.2
Dodging        | 5 |  5.2
Charms         | |  5.8

Action                   |  1- 3 |  4- 6 |  7- 9 || total
-------------------------+-------+-------+-------++-------
Melee: Spear             |    10 |       |       ||    10
       Short sword       |    56 |   111 |    48 ||   215
       Bite              |     5 |    18 |     5 ||    28
Throw: Dart              |    40 |    69 |     5 ||   114
       Boomerang         |    10 |       |    12 ||    22
 Cast: Infusion          |     7 |     3 |     2 ||    12
       Song of Slaying   |     1 |     3 |     1 ||     5
Invok: Renounce Religion |       |       |     1 ||     1
  Use: Potion            |       |       |     1 ||     1
  Eat: Chunk             |     2 |     6 |     2 ||    10
Armor: Leather armour    |     7 |       |       ||     7
       Ring mail         |    11 |    13 |    17 ||    41
Dodge: Dodged            |    31 |    61 |    25 ||   117
Block: Other             |       |     9 |     9 ||    18
